[Event "*** Titled Tuesday Blitz"]
[Site "Chess.com"]
[Date "2021.04.27"]
[Round "2"]
[White "alejogarcia1999"]
[Black "annacramling"]
[Result "1-0"]
[WhiteElo "2482"]
[BlackElo "2083"]
[TimeControl "180+1"]
[EndTime "10:17:31 PDT"]
[Termination "alejogarcia1999 won on time"]

1. d4 Nf6 2. c4 e6 3. Nc3 d5 4. Nf3 Be7 5. Bf4 c6 6. e3 Nbd7 7. c5 O-O 8. Bd3 h6 9. h3 Re8 10.
O-O Nf8 11. b4 b6 12. Ne5 Bb7 13. a4 bxc5 14. bxc5 a5 15. Rb1 Qc8 16. Qb3 Ba6 17. Bxa6 Qxa6 18. Qb7 Ra7 19. Qxa6 Rxa6 20. Rb7 Ng6 21.
Nxg6 fxg6 22. Rfb1 Raa8 23. Rc7 Rac8 24. Rbb7 Bf8 25.
Rf7 Red8 26. Be5 Ne8 27. Ne2 Nf6 28. Nf4 g5 29. Nxe6 Re8 30. Nxf8 Rxf8 31. Rxg7+ Kh8 32. Rh7+ 1-0

[Event "*** Titled Tuesday Blitz"]
[Site "Chess.com"]
[Date "2021.04.27"]
[Round "2"]
[White "bricolageur"]
[Black "German_Bazeev"]
[Result "0-1"]
[WhiteElo "2330"]
[BlackElo "2787"]
[TimeControl "180+1"]
[EndTime "10:17:31 PDT"]
[Termination "German_Bazeev won on time"]

1. e4 c6 2. d4 d5 3. e5 Na6 4. c3 Nc7 5. Bd3 g6 6. h3 Bg7 7.
Be3 f6 8. f4 Nh6 9. g4 Nf7 10.
Nf3 f5 11. Rg1 Nh6 12. Ng5 Ne6 13. Nf3 Rf8 14. Qd2 Nc7 15. Nh2 b6 16. b3 Ba6 17. c4 c5 18. dxc5 d4 19. Bf2 bxc5 20.
Bh4 Ne6 21. g5 Nf7 22. Na3 Bb7 23. Nc2 Qb6 24. Bg3 Nfd8 25. h4 Nc6 26. h5 a5 27.
hxg6 hxg6 28. Nf3 Nb4 29. Nh4 Nxd3+ 30. Qxd3 Be4 31. Qd2 Nc7 32. Kf2 Na6 33. Rge1 Nb4 34. Nxb4 axb4 35. Re2 Kf7 36. Rae1 Qc6 37. Qc1 Ra6 0-1

[Event "*** Titled Tuesday Blitz"]
[Site "Chess.com"]
[Date "2021.04.27"]
[Round "2"]
[White "klimkoj"]
[Black "chessdiamant"]
[Result "1-0"]
[WhiteElo "2609"]
[BlackElo "2299"]
[TimeControl "180+1"]
[EndTime "10:17:32 PDT"]
[Termination "klimkoj won on time"]

1. c4 c5 2. Nc3 Nc6 3. g3 g6 4. Bg2 Bg7 5. Nf3 e5 6. O-O Nge7 7. b3 O-O 8. Bb2 e4 9. Ne1 f5 10.
d3 d5 11. cxd5 Nxd5 12. Rc1 Be6 13. Qd2 e3 14. fxe3 Nxe3 15. Rf2 Ng4 16. Rf3 Nd4 17.
Rf4 Bh6 18. e3 Bxf4 19. gxf4 Nc6 20. Na4 Bd5 21. Qc3 Nf6 22. e4 fxe4 23. dxe4 Bf7 24. Qxf6 Qxf6 25. Bxf6 b6 26. e5 Rac8 27. Bxc6 Rxc6 28.
Nc3 Re8 29. Nc2 a6 30. Ne3 Rxf6 31. exf6 Rxe3 32. Na4 b5 33. Nxc5 Re2 34. Nd7 Bd5 35. Ne5 Rg2+ 36. Kf1 h5 37. Rc8+ Kh7 38. Rd8 Be4 39.
f7 1-0

[Event "*** Titled Tuesday Blitz"]
[Site "Chess.com"]
[Date "2021.04.27"]
[Round "2"]
[White "smshk35"]
[Black "Nuvas"]
[Result "1-0"]
[WhiteElo "2359"]
[BlackElo "2628"]
[TimeControl "180+1"]
[EndTime "10:17:34 PDT"]
[Termination "smshk35 won on time"]

1. f4 d5 2. Nf3 Bg4 3. e3 h6 4.
h3 Bxf3 5. Qxf3 Nf6 6. b3 e6 7. Bb2 Be7 8. d3 c5 9. Nd2 Nc6 10. g4 Qa5 11. Bg2 O-O-O 12. a3 Ne4 13. dxe4 Bh4+ 14.
Kf1 Qxd2 15. Qe2 dxe4 16. Bxe4 Bf6 17. Bxf6 gxf6 18. Qxd2 Rxd2 19. Ke1 Rhd8 20. Bd3 Rg2 21. Rd1 1-0

[Event "*** Titled Tuesday Blitz"]
[Site "Chess.com"]
[Date "2021.04.27"]
[Round "2"]
[White "Kale36"]
[Black "ural58"]
[Result "0-1"]
[WhiteElo "2274"]
[BlackElo "2478"]
[TimeControl "180+1"]
[EndTime "10:17:34 PDT"]
[Termination "ural58 won by resignation"]

1. b3 e5 2. Bb2 Nc6 3. e3 d5 4. Bb5 Bd6 5. f4 Qh4+ 6. g3 Qe7 7. Nf3 f6 8. Nc3 Be6 9. fxe5 fxe5 10. e4 d4 11. Nd5 Qd7 12. Ng5 Bg4 13. Be2 Nh6 14.
O-O Bxe2 15. Qxe2 O-O-O 16. c3 dxc3 17. dxc3 Ne7 18. Rad1 Qc6 19. c4 Bc5+ 20. Kh1 Ng6 21. Nf7 Nxf7 22. Rxf7 Bb6 23. Rxg7 Kb8 24. Rf1 Rdf8 25.
Rgf7 Rxf7 26. Rxf7 a5 27. h4 Bd4 28. Rxc7 Qe6 29. Bc1 Qh3+ 0-1

[Event "*** Titled Tuesday Blitz"]
[Site "Chess.com"]
[Date "2021.04.27"]
[Round "2"]
[White "McCarthyStone"]
[Black "Zallio"]
[Result "1/2-1/2"]
[WhiteElo "2360"]
[BlackElo "2070"]
[TimeControl "180+1"]
[EndTime "10:17:34 PDT"]
[Termination "Game drawn by repetition"]

1. e4 e6 2. d4 d5 3. e5 c5 4.
c3 Nc6 5. Nf3 Qb6 6. Be2 cxd4 7.
cxd4 Nge7 8. Na3 Ng6 9. h4 Bb4+ 10. Kf1 Nge7 11. Nc2 Nf5 12. g4 Nh6 13. Bxh6 gxh6 14. Qc1 Bf8 15. Kg2 Bd7 16. a3 O-O-O 17. b4 Kb8 18.
Qf4 Rg8 19. Kh3 Be8 20. Bd3 Rh8 21. Qf6 Rg8 22. Bxh7 Bg7 23. Qf4 Rf8 24. Rac1 f6 25. exf6+ e5 26. Nxe5 Ka8 27. fxg7 Rxf4 28. g8=Q Nxd4 29.
Nd3 Bd7 30. Qxd8+ Qxd8 31. Nxf4 Qf6 32. Nxd4 Qxf4 33. Bf5 Bc6 34. Nxc6 Qf3+ 35. Kh2 Qxf2+ 36. Kh3 Qf3+ 37. Kh2 Qf2+ 38. Kh3 Qf3+ 39. Kh2 Qf2+ 1/2-1/2

[Event "*** Titled Tuesday Blitz"]
[Site "Chess.com"]
[Date "2021.04.27"]
[Round "2"]
[White "Fighterman91"]
[Black "FMOlexandrProhorov"]
[Result "1-0"]
[WhiteElo "2619"]
[BlackElo "2271"]
[TimeControl "180+1"]
[EndTime "10:17:35 PDT"]
[Termination "Fighterman91 won by resignation"]

1. e4 c5 2. Nf3 Nc6 3. Bb5 g6 4. O-O Bg7 5. Re1 Nf6 6. e5 Nd5 7. Nc3 Nc7 8. Bxc6 dxc6 9. h3 O-O 10. d3 Ne6 11. Ne4 b6 12. Bd2 Qc7 13. Qc1 Nd4 14.
Nxd4 cxd4 15. f4 c5 16. b3 Bb7 17. Qd1 b5 18. a4 a6 19. Qe2 Rac8 20. axb5 axb5 21.
Ra7 Qb6 22. Rea1 c4 23. Bb4 Rfe8 24. Kh2 cxd3 25. cxd3 Bh6 26. Qf2 Bxe4 27. dxe4 e6 28. R1a6 Qb8 29. Bd6 1-0

[Event "*** Titled Tuesday Blitz"]
[Site "Chess.com"]
[Date "2021.04.27"]
[Round "2"]
[White "Vladyslav_Puchka"]
[Black "FrenchMonster2002"]
[Result "0-1"]
[WhiteElo "2110"]
[BlackElo "2392"]
[TimeControl "180+1"]
[EndTime "10:17:35 PDT"]
[Termination "FrenchMonster2002 won by checkmate"]

1. d4 g6 2. c4 Bg7 3. Nc3 Nf6 4.
g3 Kf8 5. Bg2 c6 6. Nf3 h6 7.
O-O Kg8 8. e4 d6 9. h3 Kh7 10.
Bf4 Nbd7 11. e5 Nh5 12. Qd2 g5 13. Bxg5 hxg5 14. Qxg5 Kg8 15. exd6 Ndf6 16. dxe7 Qxe7 17. g4 Be6 18. b3 Kf8 19. gxh5 Rxh5 20. Qg3 Qd7 21.
h4 Rh6 22. Qf4 Nh5 23. Qe3 Rg6 24. Rad1 Bh3 25. Ne1 Bxg2 26. Nxg2 Qg4 27. Qe4 Nf4 28.
Kh2 Qh3+ 29. Kg1 Rxg2+ 30. Qxg2 Qxg2# 0-1

[Event "*** Titled Tuesday Blitz"]
[Site "Chess.com"]
[Date "2021.04.27"]
[Round "2"]
[White "GM_LOADING"]
[Black "DeTimmerman"]
[Result "0-1"]
[WhiteElo "2545"]
[BlackElo "2789"]
[TimeControl "180+1"]
[EndTime "10:17:37 PDT"]
[Termination "DeTimmerman won by checkmate"]

1. e4 e5 2. Nf3 Nc6 3. Bc4 Nf6 4. d3 Be7 5. O-O O-O 6. Re1 d6 7. a4 Kh8 8. h3 Ng8 9. Nc3 f5 10. Nd5 Bf6 11. c3 Nce7 12. Nxf6 Nxf6 13. exf5 Bxf5 14.
d4 e4 15. Nh2 d5 16. Be2 Qd6 17. Be3 Ng6 18. Qd2 a5 19. c4 c6 20. cxd5 Nxd5 21.
Rac1 Ngf4 22. Bf1 Bd7 23. Ng4 Bxg4 24. hxg4 Qg6 25. Qd1 Rae8 26. Rc5 Nxe3 27. fxe3 Nd5 28. Rxa5 Qh6 29. Qd2 Qh4 30. Bc4 Nf6 31. Be2 Nxg4 32. Bxg4 Qxg4 33. Qe2 Rf3 34. Rf1 Ref8 35. Rxf3 exf3 36.
Qf2 h6 37. Re5 Rf6 38. Re8+ Kh7 39. g3 h5 40. Re5 h4 41. Qh2 f2+ 42. Kf1 Qd1+ 43.
Kg2 f1=Q# 0-1

[Event "*** Titled Tuesday Blitz"]
[Site "Chess.com"]
[Date "2021.04.27"]
[Round "2"]
[White "olksuna"]
[Black "Yaryi_sergey"]
[Result "0-1"]
[WhiteElo "2646"]
[BlackElo "2439"]
[TimeControl "180+1"]
[EndTime "10:17:37 PDT"]
[Termination "Yaryi_sergey won by resignation"]

1. e4 c6 2. Nf3 g6 3. d4 Na6 4. c4 Nc7 5. Nc3 Bg7 6. h3 d6 7. Be2 Nf6 8. O-O O-O 9. Be3 Nd7 10. Nd2 e5 11. d5 c5 12. g4 f5 13. gxf5 gxf5 14.
exf5 Rxf5 15. Kh2 Qh4 16. Nf3 Qe7 17. Rg1 Rh5 18. Ng5 Rh4 19. Rg3 Nf6 20. Qg1 Nce8 21. Bd3 e4 22. Ncxe4 Nxe4 23. Bxe4 Rxe4 24. Nxe4 Qxe4 25.
Bh6 Qd4 26. Qg2 Bf5 27. Rg1 Bg6 28. Bxg7 Nxg7 29. b3 Rf8 30. Rf3 Qe5+ 31. Kh1 Rxf3 0-1

[Event "*** Titled Tuesday Blitz"]
[Site "Chess.com"]
[Date "2021.04.27"]
[Round "2"]
[White "Bad_left_hook"]
[Black "sergiochess83"]
[Result "0-1"]
[WhiteElo "2581"]
[BlackElo "2886"]
[TimeControl "180+1"]
[EndTime "10:17:38 PDT"]
[Termination "sergiochess83 won by resignation"]

1. d4 Nf6 2. c4 g6 3. Nc3 d5 4. cxd5 Nxd5 5. e4 Nxc3 6. bxc3 Bg7 7. Nf3 c5 8. Rb1 O-O 9. Be2 b6 10. O-O Bb7 11. Qd3 e6 12. a4 Nc6 13. d5 exd5 14.
exd5 c4 15. Qxc4 Na5 16. Qg4 Qxd5 17. Rd1 Qe4 18. Qxe4 Bxe4 19. Bd3 Rad8 20. Ne1 Bxd3 21. Nxd3 Bxc3 22. Bg5 Rd5 23. Be7 Re8 24. Bb4 Rxd3 25.
Rxd3 Bxb4 26. Rd7 Re7 27. Rxe7 Bxe7 28. Rd1 Nb3 29. Rd7 Bb4 30. Rxa7 Nc5 31. g4 Ba5 32. Kg2 Nxa4 33. Rb7 Nc5 34. Rb8+ Kg7 35. g5 Ne6 36. h4 Nd4 37. Kg3 b5 38. Rd8 Bxd8 0-1

[Event "*** Titled Tuesday Blitz"]
[Site "Chess.com"]
[Date "2021.04.27"]
[Round "2"]
[White "secretsuperstar7"]
[Black "Triumphmate"]
[Result "0-1"]
[WhiteElo "2227"]
[BlackElo "2444"]
[TimeControl "180+1"]
[EndTime "10:17:38 PDT"]
[Termination "Triumphmate won on time"]

1. d4 d5 2. c4 e6 3. Nc3 Be7 4. cxd5 exd5 5. Bf4 c6 6. e3 f5 7. Qh5+ g6 8. Qd1 Nf6 9. Bd3 O-O 10. Nf3 Be6 11.
O-O Ne4 12. Bh6 Re8 13. Ne5 Nd7 14. f3 Nxc3 15. bxc3 Nxe5 16. dxe5 Bc5 17. Kh1 Bd7 18. c4 Rxe5 19. cxd5 cxd5 20. Bf4 Re8 21. Bc4 Bc6 22. Bb3 Bxe3 23. Bg3 Qd7 24. Qd3 f4 25. Bh4 Re5 26. Bf6 Rf5 27. Bd4 Bb5 28. Qc3 Bxf1 29. Rxf1 Rc8 30.
Qd3 Rh5 31. Bxe3 fxe3 32. Qxe3 Qd6 33. h3 Re5 34. Qd4 Rce8 35. Rd1 Re1+ 0-1

[Event "*** Titled Tuesday Blitz"]
[Site "Chess.com"]
[Date "2021.04.27"]
[Round "2"]
[White "TomasKapitanchuk"]
[Black "mitrabhaa"]
[Result "1-0"]
[WhiteElo "2565"]
[BlackElo "2744"]
[TimeControl "180+1"]
[EndTime "10:17:40 PDT"]
[Termination "TomasKapitanchuk won on time"]

1. e4 c6 2. d4 d5 3. exd5 cxd5 4. Bd3 Nc6 5. c3 Qc7 6. Bg5 g6 7. Nd2 Bf5 8. Bxf5 gxf5 9. h3 e6 10. g4 fxg4 11. hxg4 Be7 12. Bh4 O-O-O 13. Qa4 Bxh4 14. Rxh4 Nge7 15. O-O-O h5 16. gxh5 Ng6 17. Rh1 Nf4 18. Kb1 Rxh5 19. Ngf3 Rxh1 20. Rxh1 Nd3 21. Rf1 Rh8 22.
Qc2 Nf4 23. Rg1 Qe7 24. Nf1 Qf6 25. Ne3 Kb8 26. Ng4 Qg6 27. Nge5 Qxc2+ 28. Kxc2 f6 29. Nd7+ Kc7 30. Nxf6 Rf8 31. Rg7+ Kc8 32. Nh7 Rh8 33. Nfg5 Nd8 34. f3 Nh5 35. Rg6 Kd7 36. Rh6 Ng3 37. Nf6+ 1-0

[Event "*** Titled Tuesday Blitz"]
[Site "Chess.com"]
[Date "2021.04.27"]
[Round "2"]
[White "kidagent"]
[Black "kritipatel"]
[Result "1-0"]
[WhiteElo "2346"]
[BlackElo "1754"]
[TimeControl "180+1"]
[EndTime "10:17:41 PDT"]
[Termination "kidagent won by checkmate"]

1. e4 e5 2. Nf3 Nc6 3. Bb5 a6 4.
Ba4 Nf6 5. O-O b5 6. Bb3 Bc5 7. d3 d6 8. a4 Rb8 9. axb5 axb5 10. h3 O-O 11. Nbd2 Ne7 12. Re1 Ng6 13. Nf1 Nh5 14.
c3 Ngf4 15. d4 Bb6 16. Ng3 Qf6 17. Bxf4 Nxf4 18. Qd2 h5 19. h4 Bg4 20. Ng5 exd4 21. e5 dxe5 22. N3e4 Qg6 23. Ra6 Nh3+ 24. gxh3 Bxh3 25.
Kh2 Bg4 26. f3 Bc8 27. Rg1 Qc6 28. cxd4 Bxa6 29. Qd3 Bxd4 30. Nf6+ Qxf6 31. Qh7# 1-0

[Event "*** Titled Tuesday Blitz"]
[Site "Chess.com"]
[Date "2021.04.27"]
[Round "2"]
[White "Ajedrez_con_German"]
[Black "Rodalquilar"]
[Result "0-1"]
[WhiteElo "2529"]
[BlackElo "2759"]
[TimeControl "180+1"]
[EndTime "10:17:44 PDT"]
[Termination "Rodalquilar won by resignation"]

1. d4 d5 2. Bf4 Nf6 3. e3 e6 4.
Nf3 Bd6 5. Bg3 O-O 6. Bd3 c5 7. dxc5 Bxc5 8. O-O Nc6 9. c4 dxc4 10. Bxc4 Qe7 11.
Nc3 Rd8 12. Qe2 Bd7 13. Rfd1 Rac8 14. Bh4 Qf8 15. Bxf6 gxf6 16. Rd2 Be8 17. Rad1 Qe7 18. Rxd8 Rxd8 19. Rxd8 Qxd8 20. Qd2 Qc7 21. a3 a6 22. h3 Ne5 23. Be2 Bc6 24. Qd1 Qb6 25. Nxe5 fxe5 26. b4 Bxe3 27. fxe3 Qxe3+ 28. Kh2 Qxc3 29. Qd8+ Kg7 30.
Qg5+ Kf8 31. Qd8+ Be8 32. Bf3 Qd4 33. Qxd4 exd4 34. Bxb7 d3 35. Bf3 Ba4 0-1

[Event "*** Titled Tuesday Blitz"]
[Site "Chess.com"]
[Date "2021.04.27"]
[Round "2"]
[White "PawnEatingZombie"]
[Black "lucachess49"]
[Result "1-0"]
[WhiteElo "2251"]
[BlackElo "2434"]
[TimeControl "180+1"]
[EndTime "10:17:45 PDT"]
[Termination "PawnEatingZombie won by resignation"]

1. d4 Nf6 2. c4 e6 3. Nc3 Bb4 4.
Qc2 O-O 5. e4 d5 6. e5 Ne4 7.
Bd3 c5 8. Nf3 cxd4 9. Nxd4 Nd7 10.
Bf4 Ndc5 11. O-O Nxd3 12. Qxd3 Nc5 13. Qg3 Bxc3 14. Qxc3 dxc4 15. Qxc4 b6 16. Rfd1 Ba6 17. Qc3 Qh4 18. Qe3 Rac8 19. f3 Rfd8 20. Bg5 Qh5 21. Bxd8 Rxd8 22. Nc6 Re8 23. b4 Na4 24. Rd7 Bb5 25.
Rc1 h6 26. Rxa7 Kh8 27. Nd4 Nb2 1-0

[Event "*** Titled Tuesday Blitz"]
[Site "Chess.com"]
[Date "2021.04.27"]
[Round "2"]
[White "zmeeed67"]
[Black "Rsnr"]
[Result "1-0"]
[WhiteElo "2556"]
[BlackElo "2763"]
[TimeControl "180+1"]
[EndTime "10:17:47 PDT"]
[Termination "zmeeed67 won by resignation"]

1. d4 d5 2. c4 c6 3. Nc3 Nf6 4. e3 Bf5 5. cxd5 cxd5 6. Qb3 Nc6 7. Qxb7 Bd7 8. Qb3 Rb8 9. Qd1 e5 10. dxe5 Nxe5 11. Be2 Bd6 12. Nf3 O-O 13. O-O Qe7 14.
Re1 Rfc8 15. Nxe5 Bxe5 16. Bf3 Bc6 17. Ne2 Ne4 18. Ng3 Qh4 19. a4 a5 20. Ra3 Bxb2 21. Bxb2 Rxb2 22. Bxe4 dxe4 23. Rc3 Rbb8 24. Qd6 Qf6 25.
Rxc6 1-0

[Event "*** Titled Tuesday Blitz"]
[Site "Chess.com"]
[Date "2021.04.27"]
[Round "2"]
[White "Vigorito-NE"]
[Black "Dinamo81"]
[Result "0-1"]
[WhiteElo "2434"]
[BlackElo "2718"]
[TimeControl "180+1"]
[EndTime "10:17:47 PDT"]
[Termination "Dinamo81 won on time"]

1. d4 d5 2. c4 e6 3. Nf3 a6 4. c5 b6 5. cxb6 c5 6. Nc3 Qxb6 7. Na4 Qc7 8. Nxc5 Bxc5 9. dxc5 Qxc5 10. e3 Nf6 11. Be2 O-O 12. O-O Nc6 13. a3 Qb6 14.
b4 e5 15. Bb2 Re8 16. Rc1 Bb7 17. Qa4 d4 18. exd4 Nxd4 19. Nxd4 exd4 20. Bd3 Rad8 21. Rfd1 h5 22. Rc5 Qe6 23. Qc2 Qg4 24. Bf1 Be4 25. Qd2 Bf3 26. Rg5 Ne4 27. Rxg4 Nxd2 28. Rxg7+ Kxg7 29. Rxd2 Bc6 30. Bxd4+ Rxd4 31. Rxd4 Re1 0-1

[Event "*** Titled Tuesday Blitz"]
[Site "Chess.com"]
[Date "2021.04.27"]
[Round "2"]
[White "fabianvivasz"]
[Black "Bhagya_2312"]
[Result "0-1"]
[WhiteElo "2369"]
[BlackElo "2117"]
[TimeControl "180+1"]
[EndTime "10:17:47 PDT"]
[Termination "Bhagya_2312 won on time"]

1. c4 e6 2. g3 d5 3. Nf3 Nf6 4. Bg2 c5 5. cxd5 exd5 6. d4 Nc6 7. O-O Be7 8. dxc5 Bxc5 9. a3 O-O 10. b4 Bb6 11. Nc3 Be6 12. Nb5 Ne4 13. Bb2 a6 14.
Nbd4 Qe7 15. Rc1 Rac8 16. Nxc6 bxc6 17. Ne5 c5 18. bxc5 Bxc5 19. Qa4 Qb7 20. Bd4 Bxd4 21. Qxd4 f6 22. Nd3 Nd2 23. Rfd1 Nb3 24. Qb2 Qb8 25.
Rxc8 Rxc8 26. Rb1 d4 27. Nc1 Rc3 0-1

[Event "*** Titled Tuesday Blitz"]
[Site "Chess.com"]
[Date "2021.04.27"]
[Round "2"]
[White "Sammed_Shete"]
[Black "Srisshhhtea"]
[Result "1-0"]
[WhiteElo "2640"]
[BlackElo "2339"]
[TimeControl "180+1"]
[EndTime "10:17:49 PDT"]
[Termination "Sammed_Shete won by checkmate"]

1. d4 d5 2. c4 e6 3. Nf3 Be7 4. Nc3 Nf6 5. Bg5 h6 6. Bxf6 Bxf6 7. e3 O-O 8. cxd5 exd5 9. Bd3 c6 10. O-O Bg4 11. h3 Bh5 12. b4 a6 13. Rb1 Nd7 14. a4 Re8 15. b5 axb5 16. axb5 Nf8 17. bxc6 bxc6 18. Rc1 Ne6 19. g4 Bg6 20. Bxg6 fxg6 21.
Na4 Qd6 22. Nc5 Ra2 23. Qb3 Re2 24. Qd3 Ra2 25. Qxg6 Nc7 26. Rfe1 Re7 27. g5 hxg5 28. Nxg5 Kf8 29. Rb1 Rxf2 30. Rb8+ Ne8 31. Nce6+ Rxe6 32. Qf7# 1-0

[Event "*** Titled Tuesday Blitz"]
[Site "Chess.com"]
[Date "2021.04.27"]
[Round "2"]
[White "I_am_a_Miracle"]
[Black "MerryPoppies"]
[Result "1-0"]
[WhiteElo "2381"]
[BlackElo "2093"]
[TimeControl "180+1"]
[EndTime "10:17:49 PDT"]
[Termination "I_am_a_Miracle won by resignation"]

1. Nf3 d5 2. g3 Nf6 3. Bg2 c6 4. O-O Bf5 5. d3 e6 6. Nh4 Bg6 7. Nxg6 hxg6 8. Qe1 Bd6 9. e4 dxe4 10. dxe4 e5 11. a4 Nbd7 12. a5 Nc5 13. Nd2 Qc7 14. Nc4 Be7 15. b4 Na6 16. c3 O-O-O 17. Be3 Kb8 18.
Nxe5 Bf8 19. Nc4 Ka8 20. Bf4 Qd7 21. Qe2 Nh5 22. Be3 Bd6 23. Rad1 Qc7 24. Nxd6 Rxd6 25.
Rxd6 Qxd6 26. Rd1 Qc7 27. Qd2 Kb8 28. Qd4 c5 29. bxc5 Kc8 30. c6 bxc6 31. Qc4 Nb8 32. e5 Rd8 33. Rxd8+ Kxd8 34. g4 Qxe5 35. gxh5 Qxh5 36.
Qd4+ Nd7 37. Bxc6 Qh3 1-0

[Event "*** Titled Tuesday Blitz"]
[Site "Chess.com"]
[Date "2021.04.27"]
[Round "2"]
[White "Msb2"]
[Black "MFBerna"]
[Result "1-0"]
[WhiteElo "2890"]
[BlackElo "2463"]
[TimeControl "180+1"]
[EndTime "10:17:51 PDT"]
[Termination "Msb2 won by resignation"]

1. d4 d5 2. c4 c6 3. Nc3 Nf6 4.
e3 e6 5. Nf3 Nbd7 6. Be2 Bd6 7. O-O O-O 8. Qc2 Qe7 9. Rd1 b6 10.
e4 dxe4 11. Nxe4 Bb7 12. Nxd6 Qxd6 13. b3 c5 14. Bb2 Be4 15. Qc3 Rfd8 16. dxc5 Qxc5 17.
Rd4 Bc6 18. Rad1 Qe7 19. Rd6 Bb7 20. Qd3 Rdc8 21. Rxd7 Nxd7 22. Qxd7 Qxd7 23. Rxd7 Bc6 24. Rd6 Rc7 25. Ne5 Be8 26. Bf3 Rac8 27. Kf1 f6 28. Nd3 e5 29. Nb4 Bf7 30. Na6 Re7 31. Be4 Bg6 32.
Bxg6 hxg6 33. Nb4 Rce8 34. Nd5 Re6 35. Rd7 f5 36. Rxa7 Rd6 37. f4 exf4 38. Rxg7+ Kf8 39. Rh7 Rxd5 40. cxd5 Rd8 41. Rh8+ 1-0

[Event "*** Titled Tuesday Blitz"]
[Site "Chess.com"]
[Date "2021.04.27"]
[Round "2"]
[White "mac0504"]
[Black "ChessAdvanceUSA"]
[Result "1/2-1/2"]
[WhiteElo "2590"]
[BlackElo "2319"]
[TimeControl "180+1"]
[EndTime "10:17:52 PDT"]
[Termination "Game drawn by agreement"]

1. e3 g6 2. Nf3 Bg7 3. Be2 c5 4. O-O Nf6 5. c4 O-O 6. Nc3 b6 7. d4 cxd4 8. Nxd4 Bb7 9. Bf3 Qc8 10. b3 Nc6 11. Nxc6 Bxc6 12. Bb2 d6 13. a4 a6 14. Qe2 Rb8 15. Rfd1 Qb7 16. Rac1 Bxf3 17. Qxf3 Qxf3 18. gxf3 Rfc8 19. Kf1 Kf8 20. Ke2 Nd7 21. Ba3 Nc5 22. Nd5 Rc6 23. Bxc5 bxc5 24. Rd3 e6 25.
Nf4 Be5 26. Ng2 Rcb6 27. Rb1 Ke7 28. f4 Bg7 29. Kd2 Rb4 30. Kc2 d5 31. cxd5 c4 1/2-1/2

[Event "*** Titled Tuesday Blitz"]
[Site "Chess.com"]
[Date "2021.04.27"]
[Round "2"]
[White "Alexsur1981"]
[Black "Abdimalik_Abdisalimov"]
[Result "1-0"]
[WhiteElo "2859"]
[BlackElo "2335"]
[TimeControl "180+1"]
[EndTime "10:17:53 PDT"]
[Termination "Alexsur1981 won by checkmate"]

1. e4 e5 2. f4 exf4 3. Bc4 Nc6 4. Nf3 g5 5. h4 g4 6. Ng5 Ne5 7. Bb3 h6 8. d4 hxg5 9. dxe5 d6 10. Nc3 c6 11. Qd4 Bg7 12. Qxd6 Qxd6 13. exd6 Be6 14. Bd2 Bxb3 15. axb3 Kd7 16. O-O-O f6 17. hxg5 fxg5 18. Rxh8 Bxh8 19. Rh1 Bxc3 20. Bxc3 Kxd6 21. Rh5 Re8 22.
Rxg5 f3 23. gxf3 gxf3 24. Kd2 f2 25. e5+ Kc7 26. Rf5 Ne7 27. Rxf2 Nd5 28. Bd4 b6 29. c4 Nb4 30. Bc3 c5 31. Ke3 Nc6 32. Ke4 a5 33. Rf6 Rd8 34. e6 Re8 35. Be5+ Kc8 36. Bd6 Nd4 37. Kd5 Nxb3 38. Rf7 Nd4 39. Rc7+ Kb8 40. Re7+ Ka8 41. Rxe8+ Kb7 42. Rb8+ Ka6 43. e7 Nf5 44.
e8=Q Nxd6 45. Ra8+ Kb7 46. Qc6# 1-0

[Event "*** Titled Tuesday Blitz"]
[Site "Chess.com"]
[Date "2021.04.27"]
[Round "2"]
[White "AryanTari"]
[Black "Legendinunknown"]
[Result "0-1"]
[WhiteElo "2886"]
[BlackElo "2607"]
[TimeControl "180+1"]
[EndTime "10:17:54 PDT"]
[Termination "Legendinunknown won by resignation"]

1. e4 c5 2. Nc3 Nc6 3. f4 g6 4. Nf3 Bg7 5. Bb5 Nd4 6. O-O f5 7. exf5 Nxf5 8. Ng5 a6 9. Ne6 Bxc3 10. Nxd8 Bd4+ 11.
Kh1 axb5 12. Qe2 Kxd8 13. Qxb5 d6 14. Re1 h5 15. c3 Bg7 16. b4 cxb4 17. Qxb4 Nf6 18.
h3 Bd7 19. Qxb7 Rc8 20. Qb6+ Ke8 21. d3 Bc6 22. Qf2 Kf7 23. Bb2 Rb8 24. Re2 h4 25. Kg1 Nh5 26. c4 Rxb2 27. Rxb2 Bd4 28.
Qxd4 Nxd4 29. a4 Nxf4 30. a5 Nxd3 31. Rd2 Be4 32. a6 Nb3 33. Rf1+ Kg7 34. a7 Nxd2 0-1

[Event "*** Titled Tuesday Blitz"]
[Site "Chess.com"]
[Date "2021.04.27"]
[Round "2"]
[White "superchess02"]
[Black "BigAl"]
[Result "0-1"]
[WhiteElo "2791"]
[BlackElo "2570"]
[TimeControl "180+1"]
[EndTime "10:17:54 PDT"]
[Termination "BigAl won by resignation"]

1. d4 Nf6 2. c4 g6 3. Nc3 Bg7 4. e4 O-O 5. Nf3 d6 6. Be2 Bg4 7. Be3 Nbd7 8. O-O e5 9. d5 a5 10.
Nd2 Bxe2 11. Qxe2 Nh5 12. a3 b6 13. b4 Nf4 14. Bxf4 exf4 15. Rac1 axb4 16. axb4 Ne5 17. c5 bxc5 18. bxc5 Ra3 19. Kh1 f3 20. gxf3 Qh4 21. Rg1 Bh6 22. Rg3 Qf4 23. Ncb1 Ra2 24. Rd1 Rb8 25. cxd6 cxd6 26. Qe3 Qh4 27. Qc3 Rbb2 28. Kg1 Bxd2 29. Nxd2 Qf4 30. Nf1 Rxf2 31. Qc8+ Kg7 32.
Qc3 h5 33. Qe3 Rxf1+ 0-1

[Event "*** Titled Tuesday Blitz"]
[Site "Chess.com"]
[Date "2021.04.27"]
[Round "2"]
[White "Supernotar"]
[Black "jerry_77"]
[Result "1/2-1/2"]
[WhiteElo "2743"]
[BlackElo "2458"]
[TimeControl "180+1"]
[EndTime "10:17:54 PDT"]
[Termination "Game drawn by repetition"]

1. d4 Nf6 2. c4 e6 3. Nf3 d5 4.
e3 Be7 5. Nbd2 O-O 6. Bd3 Nbd7 7.
O-O b6 8. Qe2 Bb7 9. e4 dxe4 10.
Nxe4 Nxe4 11. Bxe4 Bxe4 12. Qxe4 Nf6 13. Qe2 c5 14. Rd1 Qc7 15. b3 Rfd8 16. Bb2 Rd7 17. Ne5 Rd6 18. Rd3 Rad8 19. Rad1 cxd4 20. Rxd4 Rxd4 21.
Rxd4 Rxd4 22. Bxd4 Bc5 23. Qe3 Bxd4 24. Qxd4 Kf8 25. h3 Ke7 26. Ng4 Nxg4 27. Qxg4 Qe5 28. Qh4+ g5 29. Qxh7 Qe1+ 30. Kh2 Qxf2 31. Qe4 Qxa2 32. Qb7+ Kf6 33. Qf3+ Kg7 34. Qc3+ Kg6 35. b4 Qf2 36. c5 bxc5 37. bxc5 Qf4+ 38. Kh1 Qc7 39. c6 a5 40. Qd3+ Kf6 41. Qd4+ Ke7 42. Qc5+ Ke8 43. Qxg5 Qxc6 44. Qxa5 f5 45. Qe5 Kf7 46.
Kh2 Kg6 47. h4 Qc4 48. g3 Kh5 49. Kh3 Qf1+ 50. Kh2 Qf2+ 51. Kh3 Qf1+ 52. Kh2 Qc4 53. Kh3 Kg6 54. Kg2 Qb3 55. Kf2 Kh5 56. Qf4 Kg6 57.
Qg5+ Kf7 58. h5 Qc2+ 59. Kf3 Qd3+ 60. Kg2 Qe2+ 61. Kh3 Qf1+ 62. Kh2 Qf2+ 63. Kh3 Qf1+ 64. Kh2 Qf2+ 65. Kh3 Qf1+ 1/2-1/2

[Event "*** Titled Tuesday Blitz"]
[Site "Chess.com"]
[Date "2021.04.27"]
[Round "2"]
[White "Sergey85Rodchenkov"]
[Black "chessajedrezz2020"]
[Result "1-0"]
[WhiteElo "2505"]
[BlackElo "2687"]
[TimeControl "180+1"]
[EndTime "10:17:55 PDT"]
[Termination "Sergey85Rodchenkov won on time"]

1. e4 c6 2. d4 d5 3. exd5 cxd5 4. c4 Nf6 5. Nc3 g6 6. Qb3 Bg7 7. cxd5 O-O 8. Be2 Na6 9. Bf3 Nc7 10. Bg5 Bg4 11. Bxf6 Bxf3 12. Nxf3 Bxf6 13. O-O b6 14. Ne5 Qd6 15. Rfe1 Rfd8 16. Nc6 Rd7 17. g3 Kf8 18. Ne4 Qxd5 19. Nxf6 exf6 20. Qa3+ Qd6 21. Qf3 Nd5 22. Rac1 Rc8 23. Ne5 Rdc7 24. Rxc7 Rxc7 25. Ng4 1-0